 Dungeon Crawl Stone Soup version 0.28.0-47-ge53b351184 (webtiles) character file.

Game seed: 9506271108494153749

1394 Icepheonix32 the Frost Mage (level 8, -1/62 HPs)
             Began as a Demonspawn Ice Elementalist on Apr 25, 2022.
             Slain by an ice beast (9 damage)
             ... on level 5 of the Dungeon.
             The game lasted 00:09:13 (5376 turns).

Icepheonix32 the Frost Mage (DsIE)                  Turns: 5376, Time: 00:09:14

Health: -1/62      AC: 14    Str: 11      XL:     8   Next: 41%
Magic:  0/11       EV: 12    Int: 22 (23) God:
Gold:   270        SH:  0    Dex: 15 (16) Spells: 4/11 levels left

rFire   . . .      SeeInvis .   v - +3 hand axe "Awamm" {vorpal, Dex+3}
rCold   . . .      Faith    .   (no shield)
rNeg    . . .      Spirit   +   z - +1 robe {Will+}
rPois   +          Reflect  .   (helmet restricted)
rElec   .          Harm     .   (no cloak)
rCorr   .          Rampage  .   (no gloves)
Will    +....                   (no boots)
Stlth   ++........              t - amulet of guardian spirit
HPRegen 0.20/turn               j - ring of poison resistance
MPRegen 0.12/turn               l - +6 ring of intelligence

@: ice-armoured, freezing walls
A: horns 1, thin metallic scales 2, foul stench 1
a: no special abilities


You were on level 5 of the Dungeon.
You visited 1 branch of the dungeon, and saw 5 of its levels.

You collected 270 gold pieces.

Inventory:

Hand Weapons
 r - a +2 dagger of electrocution
 s - a +1 dagger of venom
 v - the +3 hand axe "Awamm" (weapon) {vorpal, Dex+3}
   (You found it on level 4 of the Dungeon)

   It inflicts extra damage upon your enemies.
   Dex:       It affects your dexterity (+3).
 y - a +3 short sword of draining
Missiles
 f - 4 javelins
Armour
 z - a +1 robe of willpower (worn)
Magical Staves
 m - a staff of poison
 w - a staff of conjuration
Jewellery
 c - a ring of magical power
 j - a ring of poison resistance (left hand)
 l - a +6 ring of intelligence (right hand)
 t - an amulet of guardian spirit (around neck)
Wands
 x - a wand of polymorph (4)
 A - a wand of iceblast (13)
Scrolls
 a - a scroll of amnesia {unknown}
 b - 2 scrolls of enchant weapon
 d - 2 scrolls of magic mapping
 k - 2 scrolls of noise
 p - a scroll of fear
 q - a scroll of immolation
Potions
 e - a potion of brilliance
 g - a potion of mutation {unknown}
 h - a potion of magic
 i - a potion of curing
 n - a potion of resistance
 o - a potion of cancellation
 u - a potion of flight


   Skills:
 * Level 5.1 Fighting
 + Level 2.1 Dodging
 - Level 1.7 Stealth
 - Level 2.0 Spellcasting
 + Level 8.9 Ice Magic


You had 4 spell levels left.
You knew the following spells:

 Your Spells              Type           Power      Damage    Failure   Level
a - Freeze                Ice            100%       1d11      1%          1
b - Frozen Ramparts       Ice            82%        1d10      1%          3
c - Ozocubu's Armour      Ice            41%        N/A       1%          3

Your spell library contained the following spells:

 Spells                   Type           Power      Damage    Failure   Level
 Ensorcelled Hibernation  Hex/Ice        42%        N/A       3%          2
 Hailstorm                Conj/Ice       21%        3d6       22%         4
 Spider Form              Tmut/Pois      2%         N/A       38%         3
 Anguish                  Hex/Necr       1%         N/A       80%         4


Dungeon Overview and Level Annotations

Branches:
Dungeon (5/15)
 Temple: D:4-7

Altars:


Innate Abilities, Weirdness & Mutations

You have a pair of small horns on your head.
You are mostly covered in thin metallic scales. (AC +3)
You may rarely emit foul miasma when damaged in melee.


Message History

You feel your dexterity returning.
Your Fighting skill increases to level 5!
The ice beast completely resists.
The wall freezes the ice beast but does no damage.
The ice beast hits you but does no damage.
You completely miss the ice beast.
The ice beast completely resists.
The wall freezes the ice beast but does no damage.
The ice beast hits you but does no damage.
You hit the ice beast but do no damage.
You headbutt the ice beast, but do no damage.
The ice beast completely resists.
The wall freezes the ice beast but does no damage.
The ice beast hits you but does no damage.
You slash the ice beast! Your headbutt misses the ice beast.
The ice beast is moderately wounded.
The ice beast completely resists.
The wall freezes the ice beast but does no damage.
The ice beast hits you but does no damage.
You closely miss the ice beast.
The ice beast is moderately wounded.
The ice beast completely resists.
The wall freezes the ice beast but does no damage.
The ice beast hits you. The ice beast freezes you!
* * * LOW HITPOINT WARNING * * *
The ice beast completely resists.
The wall freezes the ice beast but does no damage.
The ice beast hits you but does no damage.
You hit the ice beast.
The ice beast is heavily wounded.
The ice beast completely resists.
The wall freezes the ice beast but does no damage.
The ice beast closely misses you.
You hit the ice beast.
The ice beast is heavily wounded.
The ice beast completely resists.
The wall freezes the ice beast but does no damage.
The ice beast hits you.
* * * LOW HITPOINT WARNING * * *
The ice beast freezes you!
You die...

#####....#.....#............#
#........#.....#............#
#...####...#.....#..<.##+######
#.#.####...#.....#....##......#
...........#.....#.>..........#
####.####..#.....#............#
#..#.....#............# #
#..#.....#Y...........# .
#..#..@..#.........)..# #.
#.###Y####............# ##.
#.......Y.)...........# #..#
#.....................# #..##
#.[...................#
#.##..###.......##....##......#
#.....†)...############.......#
#..######..# #.......# #.. #..#
##......#


You could see an ice beast.

Vanquished Creatures
  Pikel (D:4)
  2 necrophages
  2 ogres (D:5)
  3 lemures (D:4)
  A wyvern skeleton (D:5)
  A water moccasin skeleton (D:5)
  2 hounds
  A jelly (D:4)
  An orc priest (D:3)
  Ijyb (D:4)
  An iguana (D:3)
  5 orc wizards
  2 hound skeletons (D:4)
  4 adders (D:4)
  3 gnolls
  A shadow imp (D:5)
  3 ufetubi (D:5)
  2 adder skeletons (D:4)
  2 worms (D:2)
  2 dart slugs
  17 orcs
  3 endoplasms
  3 giant cockroaches
  9 goblins
  5 hobgoblins
  8 jackals (D:1)
  6 quokkas
  5 ball pythons
  2 bats (D:1)
  3 frilled lizards
  6 kobolds
  5 rats
112 creatures vanquished.

Notes
Turn   | Place    | Note
-------+----------+-------------------------------------------
     0 | D:1      | Icepheonix32 the Demonspawn Ice Elementalist began the
                  | quest for the Orb.
     0 | D:1      | Reached XP level 1. HP: 13/13 MP: 3/3
   201 | D:1      | Gained mutation: You are partially covered in thin metallic
                  | scales. (AC +2) [demonic ancestry]
   201 | D:1      | Reached XP level 2. HP: 15/20 MP: 5/5
   203 | D:1      | Reached skill level 4 in Ice Magic
   707 | D:1      | Reached skill level 1 in Fighting
   856 | D:1      | Reached XP level 3. HP: 26/26 MP: 6/6
  1581 | D:2      | Found a faded altar of an unknown god.
  2016 | D:2      | Gained mutation: You have a pair of small horns on your
                  | head. [demonic ancestry]
  2016 | D:2      | Reached XP level 4. HP: 28/32 MP: 0/7
  2086 | D:2      | Learned a level 3 spell: Frozen Ramparts
  2090 | D:2      | Learned a level 3 spell: Ozocubu's Armour
  2140 | D:3      | Reached skill level 5 in Ice Magic
  2459 | D:3      | Gained mutation: You are mostly covered in thin metallic
                  | scales. (AC +3) [demonic ancestry]
  2459 | D:3      | Reached XP level 5. HP: 10/38 MP: 4/8
  3315 | D:4      | Reached skill level 6 in Ice Magic
  3515 | D:4      | Noticed a necrophage
  3527 | D:4      | Killed a necrophage
  3528 | D:4      | Gained mutation: You may rarely emit foul miasma when
                  | damaged in melee. [demonic ancestry]
  3528 | D:4      | Reached XP level 6. HP: 33/46 MP: 5/9
  3734 | D:4      | Identified the +3 hand axe "Awamm" {vorpal, Dex+3}
  3904 | D:4      | Noticed Pikel
  3917 | D:4      | Killed Pikel
  3918 | D:4      | Reached skill level 7 in Ice Magic
  3918 | D:4      | Reached XP level 7. HP: 25/53 MP: 0/10
  4096 | D:4      | Reached skill level 8 in Ice Magic
  4306 | D:4      | Noticed Ijyb
  4313 | D:4      | Killed Ijyb
  4628 | D:5      | Entered Level 5 of the Dungeon
  4825 | D:5      | Reached XP level 8. HP: 20/60 MP: 3/11
  5370 | D:5      | Reached skill level 5 in Fighting
  5376 | D:5      | Slain by an ice beast

Illustrated notes

Levels and vault maps discovered:
D:1:      shiori_arrival_maze, layout_basic, serial_curves, eino_curves_01,
          eino_curves_02, lemuel_flame_loot_1
D:2:      layout_loops_cross, basic_ecumenical_altar
D:3:      layout_loops_ring
D:4:      layout_basic, grunt_ministairs_6, uniq_pikel, uniq_ijyb
D:5:      layout_gridville, minitemple, minmay_pentangle, uniq_prince_ribbit1

Skill      XL: |  1  2  3  4  5  6  7  8 |
---------------+-------------------------+-----
Ice Magic      | 4 5 6 7 8 |  8.9
Fighting       | 1 2 3 4 5 |  5.1
Dodging        | 2 |  2.1
Stealth        | |  1.7
Spellcasting   | |  2.0

Action                   |  1- 3 |  4- 6 |  7- 9 || total
-------------------------+-------+-------+-------++-------
Melee: Short sword       |    43 |    23 |       ||    66
       Punch             |     1 |     1 |     1 ||     3
       Headbutt          |       |    13 |    18 ||    31
       Dagger            |       |    52 |       ||    52
       Hand axe          |       |    14 |    88 ||   102
 Cast: Freeze            |    53 |    16 |       ||    69
       Ozocubu's Armour  |       |     7 |     6 ||    13
       Frozen Ramparts   |       |     6 |     5 ||    11
  Use: Scroll            |       |       |     9 ||     9
       Potion            |       |       |     7 ||     7
 Stab: Sleeping          |     7 |     3 |     2 ||    12
Armor: Robe              |    25 |    34 |    42 ||   101
Dodge: Dodged            |    51 |    64 |    51 ||   166
